 Dungeon Crawl Stone Soup version 0.24-a0-41-gf098211c9e (webtiles) character file.

Game seed: 14299274091664532301

1883 Flugslaktarn the Chopper (level 8, -5/74 HPs)
             Began as a Deep Dwarf Fighter on Feb 3, 2019.
             Was a Believer of Makhleb.
             Slain by a hornet (8 damage)
             ... while paralysed by a hornet
             ... on level 8 of the Dungeon.
             The game lasted 00:03:16 (3459 turns).

Flugslaktarn the Chopper (Deep Dwarf Fighter)       Turns: 3459, Time: 00:03:17

Health: -5/74      AC: 10    Str: 23    XL:     8   Next: 92%
Magic:  9/9        EV:  2    Int:  8    God:    Makhleb [**....]
Gold:   158        SH:  0    Dex: 12    Spells: 7/7 levels left

rFire    . . .     SeeInvis .   a - +0 war axe
rCold    + . .     Gourm    .   r - +0 shield
rNeg     . . .     Faith    .   b - +0 scale mail
rPois    .         Spirit   .   (no helmet)
rElec    .         Reflect  .   g - +0 cloak
rCorr    .         Harm     .   m - +0 pair of gloves
MR       +....                  (no boots)
Stlth    ..........             (no amulet)
HPRegen  0.00/turn              c - ring of protection from cold
MPRegen  0.11/turn              (no ring)

@: paralysed, lethally poisoned (-5 -> -5), non-regenerating, slowed
A: damage resistance, heal wounds, sense surroundings 1, no regeneration
a: Heal Wounds, Minor Destruction, Renounce Religion


You were on level 8 of the Dungeon.
You worshipped Makhleb.
Makhleb was pleased with you.
You were not hungry.

You visited 2 branches of the dungeon, and saw 9 of its levels.
You also visited: Sewer.

You collected 158 gold pieces.

Inventory:

Hand Weapons
 a - a +0 war axe (weapon)
Armour
 b - a +0 scale mail (worn)
 g - a +0 cloak (worn)
 m - a +0 pair of gloves (worn)
 r - a +0 shield (worn)
Jewellery
 c - a ring of protection from cold (left hand)
 v - an uncursed ring of fire
Scrolls
 k - a scroll of fear
 n - a scroll of immolation
 s - 3 scrolls of teleportation {@r3}
 t - a scroll of magic mapping {unknown}
Potions
 d - 2 potions of might {@q4}
 e - 2 potions of invisibility {unknown}
 h - a potion of lignification {unknown}
 i - a potion of brilliance {unknown}
 j - 6 potions of curing {@q1}
 p - 2 potions of flight {unknown}
 q - a potion of heal wounds {unknown}
Comestibles
 f - 10 rations {@e1}


   Skills:
 + Level 5.2 Fighting
 * Level 7.9 Axes
 + Level 6.1 Armour
 + Level 6.2 Shields
 + Level 5.0 Invocations


You had 7 spell levels left.
You didn't know any spells.
Your spell library was empty.

Dungeon Overview and Level Annotations

Branches:
Dungeon (8/15)             Temple (1/1) D:4
   Lair: D:8-11

Altars:
Ashenzari
Cheibriados
Dithmenos
Elyvilon
Fedhas
Gozag
Hepliaklqana
Kikubaaqudgha
Makhleb
Nemelex Xobeh
Okawaru
Qazlal
Ru
Sif Muna
Trog
Uskayaw
Vehumet
Wu Jian
Xom
Yredelemnul
Zin
The Shining One

Shops:
D:5 (   D:6 (((=(

Annotations:
D:4 2 transporters, nawrastar's ghost, amateur OgWz
D:7 1 transporter, UristMcMason's ghost, novice DEFE
D:8 Grum


Innate Abilities, Weirdness & Mutations

You are resistant to damage.
You can heal yourself by infusing magical energy.
You passively map a small area around you.
You do not regenerate.


Message History

The adder bites you but does no damage. The hornet stings you.
You are more poisoned.
You suddenly lose the ability to move!
The wolf bites you but does no damage.
Grum hits you from afar with a -1 spear.
The wolf bites you!
* * * LOW HITPOINT WARNING * * *
The adder completely misses you.
The hornet stings you but does no damage.
The wolf bites you but does no damage. The wolf bites you!
* * * LOW HITPOINT WARNING * * *
Grum hits you from afar with a -1 spear.
The adder bites you but does no damage. The wolf bites you.
* * * LOW HITPOINT WARNING * * *
The hornet stings you!
* * * LOW HITPOINT WARNING * * *
You feel as though you will be slow longer.
The wolf bites you. The wolf bites you. The wolf bites you but does no damage.
The hornet stings you!
You die...

, , , #.
#..#..... , .
##.##....)#.. ,
..#............
$.......$.....
............#
.......H...#*
.(...ghS...# ,,,
,, ......y@...##
* *
......h.<...# ,
...####.........
. #..##..##. ,
.... ## , * ,
...... , *
.##...., ,, , *
## #..... , , **
#....# *


You could see a hippogriff, Grum, a hornet, 2 wolves and an adder.

Vanquished Creatures
  A hippogriff (D:7)
  An ice beast (D:5)
  2 phantoms (D:6)
  A wolf (D:8)
  An ogre (D:7)
  3 centaurs
  A big kobold (Sewer)
  A bullfrog (D:5)
  A scorpion (D:4)
  3 wights (D:7)
  A howler monkey (D:5)
  A bullfrog zombie (D:7)
  A crimson imp (D:6)
  A jelly (D:7)
  An orc wizard (D:4)
  A bullfrog skeleton (D:5)
  3 hounds
  3 centaur skeletons
  5 orc priests
  4 worker ants
  6 adders
  A shadow imp (D:5)
  An ooze (D:5)
  An adder skeleton (D:4)
  A worm (D:3)
  5 leopard geckos
  7 orcs
  A ball python (D:3)
  5 giant cockroaches (D:4)
  A hobgoblin (D:2)
  11 jackals
  5 quokkas
  3 bats
  3 frilled lizards
  A goblin (D:1)
  5 kobolds
  9 rats
102 creatures vanquished.

Notes
Turn   | Place    | Note
-------+----------+-------------------------------------------
     0 | D:1      | Flugslaktarn the Deep Dwarf Fighter began the quest for the
                  | Orb.
     0 | D:1      | Reached XP level 1. HP: 20/20 MP: 1/1
    93 | D:2      | Reached XP level 2. HP: 22/27 MP: 2/2
   402 | D:3      | Reached skill level 3 in Axes
   402 | D:3      | Reached XP level 3. HP: 34/34 MP: 3/3
   491 | D:4      | Found a staircase to the Ecumenical Temple.
   497 | Temple   | Entered the Ecumenical Temple
   603 | Temple   | Became a worshipper of Makhleb the Destroyer
   666 | D:4      | Reached XP level 4. HP: 31/42 MP: 4/4
   762 | D:4      | Reached skill level 4 in Axes
   762 | D:4      | Reached XP level 5. HP: 30/49 MP: 5/5
   800 | D:4      | Reached XP level 6. HP: 51/57 MP: 6/6
   849 | D:4      | Found a glowing drain.
   880 | D:4      | Reached * piety under Makhleb
   885 | Sewer    | Entered a sewer
   959 | Sewer    | Reached skill level 5 in Axes
   959 | Sewer    | Reached skill level 1 in Invocations
   975 | Sewer    | Found a white marble altar of Elyvilon.
  1117 | D:4      | Noticed nawrastar's ghost (amateur OgWz)
  1129 | D:4      | Found a transporter.
  1152 | D:4      | Found a transporter.
  1307 | D:5      | Entered Level 5 of the Dungeon
  1418 | D:5      | Noticed an ice beast
  1419 | D:5      | Reached XP level 7. HP: 62/64 MP: 8/8
  1499 | D:5      | Reached skill level 5 in Shields
  1523 | D:5      | Reached skill level 5 in Armour
  1565 | D:5      | Reached skill level 6 in Axes
  1614 | D:5      | Found Basoikepp's Antique Weapon Shoppe.
  1832 | D:5      | Found a glowing silver altar of Zin.
  2062 | D:6      | Found Laurphir's Antique Weapon Boutique.
  2080 | D:6      | Reached ** piety under Makhleb
  2155 | D:6      | Reached XP level 8. HP: 49/73 MP: 10/10
  2251 | D:6      | Found Zekul's Weapon Shop.
  2555 | D:6      | Found Doqejok's Jewellery Shop.
  2617 | D:6      | Found Irhol's Weapon Emporium.
  2632 | D:6      | Found Yvimifui's Weapon Shop.
  2797 | D:7      | Noticed a queen bee
  2800 | D:7      | Noticed UristMcMason's ghost (novice DEFE)
  2800 | D:7      | Noticed a hornet
  2804 | D:7      | Reached skill level 7 in Axes
  2832 | D:7      | Found a transporter.
  2834 | D:7      | Found a transporter.
  2908 | D:7      | Reached skill level 5 in Fighting
  2969 | D:7      | Noticed a hippogriff
  2983 | D:7      | Killed a hippogriff
  3412 | D:7      | Paralysed by a hornet for 3 turns
  3451 | D:8      | Noticed Grum
  3451 | D:8      | Noticed a hornet
  3454 | D:8      | Reached skill level 5 in Invocations
  3455 | D:8      | Noticed a hippogriff
  3457 | D:8      | Paralysed by a hornet for 3 turns
  3458 | D:8      | HP: 3/74 [hornet (9)]
  3459 | D:8      | Slain by a hornet

Vault maps used:
D:1:      dpeg_arrival_rhombi
D:3:      grunt_ministairs_5, hangedman_decor_lopped
D:4:      minmay_temple_entry_hall, first_ration, gammafunk_ghost_stat_death,
          gup_sewer_entry_pipe, st_stairs_3
D:5:      kennysheep_little_box, serial_shops,
          nicolae_shop_temple_entry_statues_fountains, hangedman_decor_growths
D:6:      serial_shops, nicolae_shop_statue_plus, kennysheep_mini, shop, shop,
          nicolae_shop_statue_plus
D:7:      gammafunk_ghost_hive, chequers_mini_garden
D:8:      lair_entry_dummy, serial_shops, nicolae_shop_statue_plus,
          grunt_ogre_cave, grunt_ministairs_9, uniq_grum, uniq_erica
Temple:   kilobyte_greek_temple
Sewer:    sewer_kobolds

Skill      XL: |  1  2  3  4  5  6  7  8 |
---------------+-------------------------+-----
Fighting       | 3 4 5 |  5.2
Axes           | 3 4 5 6 7 |  7.9
Armour         | 4 5 6 |  6.1
Shields        | 4 5 6 |  6.2
Invocations    | 1 3 5 |  5.0

Action                   |  1- 3 |  4- 6 |  7- 9 || total
-------------------------+-------+-------+-------++-------
Melee: War axe           |    94 |   131 |   209 ||   434
 Abil: Heal Wounds       |     1 |     5 |     6 ||    12
  Use: Scroll            |       |     1 |     5 ||     6
  Eat: Chunk             |       |     2 |     7 ||     9
Armor: Scale mail        |    59 |    54 |    91 ||   204
Dodge: Dodged            |    37 |    27 |    69 ||   133
Block: Shield            |    63 |    70 |   136 ||   269

Table legend:
 A = Non-vault XP
 B = Vault XP
 C = Vault XP percentage of total XP
 D = Non-vault monster count
 E = Vault monster count
 F = Vault count percentage of total count
                 A         B        C        D         E       F
            +---------+---------+-------+---------+---------+-------
      Total |    2328 |     362 |  13.5 |      79 |      23 |  22.5
            +---------+---------+-------+---------+---------+-------
        D:1 |       3 |       0 |   0.0 |       3 |       0 |   0.0
        D:2 |      21 |       0 |   0.0 |      14 |       0 |   0.0
        D:3 |      24 |       3 |  11.1 |       5 |       2 |  28.6
        D:4 |     323 |     129 |  28.5 |      19 |      10 |  34.5
        D:5 |     564 |       0 |   0.0 |      13 |       0 |   0.0
        D:6 |     621 |       0 |   0.0 |      12 |       0 |   0.0
        D:7 |     772 |       0 |   0.0 |      13 |       0 |   0.0
        D:8 |       0 |     115 | 100.0 |       0 |       1 | 100.0
      Sewer |       0 |     115 | 100.0 |       0 |      10 | 100.0
            +---------+---------+-------+---------+---------+-------
